 Dungeon Crawl Stone Soup version 0.16.2-12-gd0ad4c3 (webtiles) character file.

84 faibistes the Magician (level 4, -2/24 HPs)
             Began as a Deep Elf Wizard on Apr 30, 2019.
             Slain by an orc
             ... wielding a +0 club
              (4 damage)
             ... on level 3 of the Dungeon.
             The game lasted 00:05:34 (2619 turns).

faibistes the Magician (Deep Elf Wizard)            Turns: 2619, Time: 00:05:34

Health: -2/24      AC:  4    Str:  4    XL:     4   Next: 24%
Magic:  2/18       EV: 13    Int: 24    God:
Gold:   68         SH:  0    Dex: 13    Spells: 6 memorised, 1 level left

rFire  . . .     SeeInvis .     j - -2 dagger (curse)
rCold  . . .     Clarity  .     a - +0 robe
rNeg   + . .     SustAb   .     (no shield)
rPois  +         Gourm    .     b - +0 hat
rElec  .         Spirit   .     x - +1 cloak {+Inv}
rCorr  .         Warding  .     (no gloves)
rMut   .         Stasis   .     (no boots)
MR     .....                    (no amulet)
Stlth  ++........               h - ring of positive energy
                                e - ring of poison resistance

@: very slightly contaminated, repel missiles, not resistant to hostile
enchantments, unstealthy
A: no striking features
a: Evoke Invisibility


You were on level 3 of the Dungeon.
You were not hungry.

You visited 1 branch of the dungeon, and saw 3 of its levels.

You collected 68 gold pieces.

Inventory:

Hand weapons
 j - a cursed -2 dagger (weapon)
 r - a +1 dagger of venom
Armour
 a - a +0 robe (worn)
 b - a +0 hat (worn)
 x - a +1 cloak of invisibility (worn)
Jewellery
 e - a ring of poison resistance (left hand)
 h - a ring of positive energy (right hand)
 t - an uncursed ring of protection from cold
Scrolls
 f - a scroll of enchant weapon {unknown}
 i - a scroll of remove curse {unknown}
 l - 2 scrolls of enchant armour {unknown}
 n - a scroll of noise {unknown}
 p - 2 scrolls of identify {unknown}
 u - a scroll of amnesia {unknown}
Potions
 k - a potion of heal wounds {unknown}
 m - a potion of might {unknown}
 s - a potion of restore abilities {unknown}
 v - a potion of invisibility {unknown}
 w - a potion of cancellation {unknown}
Books
 c - a book of Minor Magic

   Spells                             Type                      Level
   a - Magic Dart                     Conjuration                  1
   b - Blink                          Translocation                2
   c - Call Imp                       Summoning                    2
   d - Repel Missiles                 Charms/Air                   2
   e - Slow                           Hexes                        2
   f - Conjure Flame                  Conjuration/Fire             3
   g - Mephitic Cloud                 Conjuration/Poison/Air       3
Comestibles
 d - a bread ration
 g - 3 beef jerkies
 o - a meat ration
 q - a chunk of flesh


   Skills:
 + Level 3.3 Dodging
 - Level 2.4 Stealth
 * Level 5.9 Spellcasting
 * Level 2.3 Conjurations
 - Level 1.1 Summonings
 - Level 1.1 Translocations


You had one spell level left.
You knew the following spells:

 Your Spells              Type           Power        Failure   Level  Hunger
a - Magic Dart            Conj           ###.         3%          1    None
b - Conjure Flame         Conj/Fire      ##......     17%         3    #......
c - Call Imp              Summ           ##......     10%         2    None
d - Blink                 Tloc           N/A          10%         2    None
e - Mephitic Cloud        Conj/Pois/Air  ##......     21%         3    #......
f - Repel Missiles        Chrm/Air       #.....       14%         2    None


Dungeon Overview and Level Annotations

Branches:
Dungeon (3/15)

Altars:

Annotations:
D:3 faibistes' ghost, average DEWz


Message History

You barely miss the orc.
The orc is lightly wounded.
The adder is engulfed in noxious fumes.
The adder appears confused.
The adder barely misses the quokka.
The orc is engulfed in noxious fumes.
The orc appears confused.
The orc grins madly.
The orc closely misses you.
The adder is engulfed in noxious fumes.
The adder appears confused.
The quokka bites you.
The adder is engulfed in noxious fumes.
The adder appears confused.
The adder bites you.
* * * LOW HITPOINT WARNING * * *
The orc is engulfed in noxious fumes.
The orc appears confused.
The orc hits you but does no damage.
The adder is engulfed in noxious fumes.
The adder appears confused.
You kill the adder!
The orc hits you with a club.
* * * LOW HITPOINT WARNING * * *
The quokka closely misses you. The orc hits you with a club.
You die...

... .... ######
.....####### #.....
#.....$...o.# #.....
#...........#######.....
..........†..g..W......
.##...oo..#######.....
#..@.rS.# #.....
#.####### #..... #
..##### ... ... ### ...
... ...##### ........
...####.


You could see an adder, 3 orcs, a quokka and a goblin.

Vanquished Creatures
  2 adders
  A gnoll (D:1)
  3 giant geckos (D:1)
  2 oozes (D:1)
  An orc (D:2)
  A ball python (D:1)
  6 goblins
  6 hobgoblins
  A quokka (D:2)
  2 bats (D:1)
  3 giant newts (D:1)
  2 kobolds
  6 rats
36 creatures vanquished.

Vanquished Creatures (collateral kills)
  Natasha (D:3)
  A giant mite (D:1)
2 creatures vanquished.

Grand Total: 38 creatures vanquished

Notes
Turn   | Place    | Note
--------------------------------------------------------------
     0 | D:1      | faibistes, the Deep Elf Wizard, began the quest for the Orb.
     0 | D:1      | Reached XP level 1. HP: 10/10 MP: 6/6
   123 | D:1      | Reached XP level 2. HP: 15/15 MP: 1/10
   198 | D:1      | Learned a level 2 spell: Blink
   201 | D:1      | Learned a level 2 spell: Call Imp
   401 | D:1      | Reached skill level 5 in Spellcasting
   760 | D:1      | Reached XP level 3. HP: 19/19 MP: 3/14
   765 | D:1      | Learned a level 3 spell: Conjure Flame
   769 | D:1      | Learned a level 3 spell: Mephitic Cloud
  2113 | D:2      | Learned a level 2 spell: Repel Missiles
  2473 | D:3      | Noticed faibistes' ghost (average DEWz)
  2581 | D:3      | Noticed Natasha
  2588 | D:3      | Killed Natasha
  2588 | D:3      | Reached XP level 4. HP: 17/24 MP: 6/18
  2619 | D:3      | Slain by an orc

Action                   |  1- 3 |  4- 6 || total
-------------------------+-------+-------++-------
Melee: Dagger            |       |     1 ||     1
 Cast: Magic Dart        |    93 |       ||    93
       Call Imp          |     6 |       ||     6
       Mephitic Cloud    |     1 |     1 ||     2
       Blink             |     1 |       ||     1
       Repel Missiles    |     1 |       ||     1
       Conjure Flame     |       |     1 ||     1
  Eat: Chunk             |     5 |       ||     5
